[Event "Romanian Championship 2024"]
[Site "Eforie Nord"]
[Date "2024.02.26"]
[Round "3.21"]
[White "Lucaci, Alin-Marian"]
[Black "Prelipcean, Eric-Matei"]
[Result "0-1"]
[ECO "D96"]
[WhiteElo "1749"]
[BlackElo "2103"]
[Annotator "RC"]
[PlyCount "78"]
[EventDate "2024.02.24"]
[EventType "swiss"]
[EventCountry "ROU"]
[SourceTitle "playchess.com"]
[Source "ChessBase"]
[SourceQuality "1"]
[TimeControl "40/5400+30:900+30"]

1. d4 Nf6 2. c4 g6 3. Nc3 d5 4. Nf3 Bg7 5. Qb3 dxc4 6. Qxc4 a6 7. Bf4 c6 8. e4 b5 9. Qd3 Be6 10. Be2 Nbd7 11. Nd2 Nb6 12. b3 c5 13. Be3 Ng4 14. Nf3 c4 15. bxc4 Bxc4 16. Qd2 Bxe2 17. Qxe2 Rc8 18. Nd1 Nxe3 19. fxe3 Qc7 20. O-O Qc2 21. Qxc2 Rxc2 22. Rf2 Rc7 23. Nb2 Bh6 24. Re2 O-O 25. Nd3 Rc3 26. Nfe1 Nc4 27. Kf2 Rc8 28. g4 Rc6 29. e5 f6 30. d5 Rb6 31. e6 Rd6 32. e4 f5 33. gxf5 gxf5 34. Nb4 Be3+ 35. Kg2 fxe4 36. Rd1 Bg5 37. Kh1 Ne3 38. Rd4 a5 39. Nc6 Rcxc6 0-1

[Event "Romanian Championship 2024"]
[Site "Eforie Nord"]
[Date "2024.02.26"]
[Round "3.22"]
[White "Botea, David-Alexandru"]
[Black "Visanescu, Dragos-Nicholas"]
[Result "1-0"]
[ECO "C90"]
[WhiteElo "2081"]
[BlackElo "1759"]
[Annotator "RC"]
[PlyCount "73"]
[EventDate "2024.02.24"]
[EventType "swiss"]
[EventCountry "ROU"]
[SourceTitle "playchess.com"]
[Source "ChessBase"]
[SourceQuality "1"]
[TimeControl "40/5400+30:900+30"]

1. e4 e5 2. Nf3 Nc6 3. Bb5 a6 4. Ba4 Nf6 5. O-O Be7 6. d3 b5 7. Bb3 d6 8. c3 O-O 9. Re1 Re8 10. Nbd2 Bf8 11. Nf1 h6 12. Ng3 Na5 13. Bc2 c5 14. d4 cxd4 15. cxd4 exd4 16. Nxd4 Bb7 17. b3 Nc6 18. Nxc6 Bxc6 19. Bb2 Re6 20. Qd3 g6 21. Rad1 Qb6 22. Bd4 Qb7 23. f3 Rae8 24. b4 d5 25. Qc3 Bg7 26. e5 Nh7 27. f4 Bd7 28. f5 Rc6 29. Bc5 gxf5 30. Nxf5 Bxf5 31. Bxf5 Bf8 32. Rxd5 Bxc5+ 33. bxc5 Rf6 34. exf6 Rxe1+ 35. Qxe1 Qxd5 36. Qg3+ Ng5 37. Qb8+ 1-0

[Event "Romanian Championship 2024"]
[Site "Eforie Nord"]
[Date "2024.02.26"]
[Round "3.23"]
[White "Moraru, Stefan-Robert"]
[Black "Ciocani, Iosif"]
[Result "0-1"]
[ECO "B48"]
[WhiteElo "1221"]
[BlackElo "2063"]
[Annotator "NA RC"]
[PlyCount "116"]
[EventDate "2024.02.24"]
[EventType "swiss"]
[EventCountry "ROU"]
[SourceTitle "playchess.com"]
[Source "ChessBase"]
[SourceQuality "1"]
[TimeControl "40/5400+30:900+30"]

1. e4 c5 2. Nf3 e6 3. d4 cxd4 4. Nxd4 Nc6 5. Be3 Qc7 6. Nc3 a6 7. Bc4 Nf6 8. f3 b5 9. Bb3 Bb4 10. a3 Bxc3+ 11. bxc3 Na5 12. Qd2 Bb7 13. O-O Rc8 14. Rab1 O-O 15. a4 bxa4 16. Bxa4 d5 17. exd5 Nxd5 18. Bb3 Rfd8 19. Bxd5 Bxd5 20. Ra1 Bc4 21. f4 Bxf1 22. Kxf1 Nc4 23. Qf2 Nxe3+ 24. Qxe3 Qxc3 25. Qxc3 Rxc3 26. Rxa6 h6 27. Ra4 Re3 28. Rb4 Re4 29. Nc6 Rxb4 30. Nxb4 Rd4 31. Nd3 Rc4 32. Kf2 Rxc2+ 33. Kf3 Kf8 34. h3 Ke7 35. g4 Kd6 36. h4 Rc3 37. Ke4 Rc4+ 38. Ke3 Kd5 39. Ne5 Re4+ 40. Kf3 Rxe5 41. fxe5 Kxe5 42. Ke3 f5 43. gxf5 Kxf5 44. Kf3 e5 45. Ke3 Kg4 46. Ke4 Kxh4 47. Kxe5 g5 48. Kf5 g4 49. Kf4 Kh3 50. Ke3 g3 51. Kf3 Kh2 52. Ke2 g2 53. Kf3 g1=Q 54. Kf4 Qd4+ 55. Kf3 Kh3 56. Ke2 Kg2 57. Ke1 Kf3 58. Kf1 Qa1# 0-1

[Event "Romanian Championship 2024"]
[Site "Eforie Nord"]
[Date "2024.02.26"]
[Round "4.1"]
[White "Parligras, Mircea-Emilian"]
[Black "Gavrilescu, David"]
[Result "1/2-1/2"]
[ECO "E54"]
[WhiteElo "2539"]
[BlackElo "2523"]
[Annotator "TA"]
[PlyCount "54"]
[EventDate "2024.02.24"]
[EventType "swiss"]
[EventCountry "ROU"]
[SourceTitle "playchess.com"]
[Source "ChessBase"]
[SourceQuality "1"]
[TimeControl "40/5400+30:900+30"]

1. d4 Nf6 2. c4 e6 3. Nf3 d5 4. Nc3 Bb4 5. e3 O-O 6. Bd3 dxc4 7. Bxc4 c5 8. O-O cxd4 9. exd4 b6 10. Qe2 Bb7 11. Rd1 h6 {[%emt 0:09:50] Against Bg5} 12. Bf4 Nc6 13. d5 exd5 14. Nxd5 Nxd5 15. Bxd5 Qf6 16. Qc4 Bc5 17. b4 {[%emt 0:04:30] [#]} Na5 $1 18. bxa5 Bxd5 19. Qxd5 Qxf4 20. g3 Qf6 21. axb6 axb6 22. Kg2 Rfd8 23. Qc4 Rdc8 (23... Qb2 $15 {is more appropriate.} 24. Rxd8+ Rxd8) 24. Rac1 $1 $11 {[%emt 0:01:39] The position is equal.} Ra3 25. Rd3 {[%emt 0:02:26] [#] And now Rxa3 would win.} Rca8 26. Rc2 Qc6 27. Rcd2 {[%emt 0:05:34] Black must now prevent Rxa3.} Rxd3 {[%emt 0:00:00] Weighted Error Value: White=0.10 (very precise) /Black=0.08 (flawless) .  Mistake:       	---       	Black=1      Inaccurate:     	White=2     	---        OK:         	White=6     	Black=10     Strong:       	White=1     	---        Brilliant:      	---       	Black=1} 1/2-1/2

[Event "Romanian Championship 2024"]
[Site "Eforie Nord"]
[Date "2024.02.26"]
[Round "4.2"]
[White "Lupulescu, Constantin"]
[Black "Prisacaru, Stefan-Emilian"]
[Result "1-0"]
[ECO "B11"]
[WhiteElo "2589"]
[BlackElo "2289"]
[Annotator "TA"]
[PlyCount "97"]
[EventDate "2024.02.24"]
[EventType "swiss"]
[EventCountry "ROU"]
[SourceTitle "playchess.com"]
[Source "ChessBase"]
[SourceQuality "1"]
[TimeControl "40/5400+30:900+30"]

1. e4 c6 2. Nc3 d5 3. Nf3 Bg4 4. h3 Bxf3 5. Qxf3 e6 6. g3 Nd7 7. Qe2 dxe4 8. Nxe4 Ngf6 {[%emt 0:00:08] White is slightly better.} 9. Ng5 Qc7 10. Bg2 Bd6 11. O-O O-O 12. d3 Rfe8 13. Be3 e5 14. Rad1 h6 15. Ne4 Nxe4 16. dxe4 Nc5 17. Qg4 Kh8 18. Bxc5 Bxc5 19. Rd7 Qc8 {[%emt 0:03:53] Black is weak on the light squares} 20. Rfd1 {[%emt 0:06:32][%cal Og4h5,Bf1d1,Bd1d7,Bd7a7][%mdl 32] White is more active.} Re7 21. Rxe7 Qxg4 22. hxg4 Bxe7 $16 {[%emt 0:00:07][%mdl 4096] Endgame. KRB-KRB} 23. Rd7 Bc5 24. Bf1 b6 25. Bc4 f6 26. Ba6 Re8 27. Rxa7 Rd8 28. Bd3 Bd4 29. b3 Bc3 (29... Rc8 $142 30. Ba6 Rd8) 30. Rb7 Ba5 (30... b5 $16 {is a better defense.} 31. Ra7 b4) 31. Kf1 c5 32. a3 Rd6 33. Ke2 Bc3 34. f4 Bb2 (34... g5 $142 35. f5 c4) 35. Ra7 Kh7 36. Kf3 Bc3 (36... c4 {was necessary.} 37. bxc4 (37. Bxc4 Rd2 $16) 37... Rc6) 37. Rb7 Bb2 38. Ra7 (38. a4 $142) 38... Bc3 $1 $18 39. f5 Rd8 40. Bc4 Ba5 41. Bd5 Rb8 42. Ke2 Bc3 43. a4 Ba5 44. Ra6 ({Not} 44. g5 hxg5 45. Kd3 c4+ 46. Kxc4 (46. Bxc4 Rd8+ 47. Bd5 Rc8 $18) (46. bxc4 Rc8 $18) 46... Rc8+ 47. Kb5 Rc5+ 48. Ka6 g4 $18) 44... Rd8 45. Ke3 Rc8 (45... Rb8 {keeps fighting.} 46. Kd3 Be1) 46. Kd3 c4+ 47. Bxc4 Rd8+ 48. Bd5 {[%emt 0:01:17] [#] c3 would now be deadly.} Rc8 49. c4 {[%emt 0:00:55] Weighted Error Value: White=0.19 (very precise) /Black=0.22 (precise) .  Mistake:       	White=1     	Black=5      Inaccurate:     	White=4     	Black=5      OK:         	White=17    	Black=14     Best:        	White=2     	---        Strong:       	---       	Black=1} 1-0

[Event "Romanian Championship 2024"]
[Site "Eforie Nord"]
[Date "2024.02.26"]
[Round "4.3"]
[White "Bulmaga, Irina"]
[Black "Armenciu, Bogdan-Ovidiu"]
[Result "1-0"]
[ECO "A43"]
[WhiteElo "2439"]
[BlackElo "1936"]
[Annotator "RC"]
[PlyCount "73"]
[EventDate "2024.02.24"]
[EventType "swiss"]
[EventCountry "ROU"]
[SourceTitle "playchess.com"]
[Source "ChessBase"]
[SourceQuality "1"]
[TimeControl "40/5400+30:900+30"]

1. e4 d6 2. d4 Nf6 3. Nc3 g6 4. f4 Bg7 5. Nf3 O-O 6. Bd3 c5 7. d5 b5 8. Nxb5 c4 9. Bxc4 Nxe4 10. O-O Qb6+ 11. Nbd4 Bg4 12. c3 Bxf3 13. gxf3 Bxd4+ 14. Qxd4 Qxd4+ 15. cxd4 Nf6 16. Re1 Rc8 17. b3 Rc7 18. Bd2 a5 19. a4 Kg7 20. Rac1 Rb7 21. Kf2 Raa7 22. Re2 Nh5 23. f5 f6 24. Bb5 Kf7 25. Rc8 Nd7 26. Bh6 gxf5 27. Ke1 Kg6 28. Bd2 Kf7 29. Rg2 f4 30. Rgg8 e5 31. dxe6+ Kxe6 32. Bc4+ d5 33. Rc6+ Ke7 34. Bxd5 Nf8 35. Rc8 Rd7 36. Bc4 Ng6 37. Rge8+ 1-0

[Event "Romanian Championship 2024"]
[Site "Eforie Nord"]
[Date "2024.02.26"]
[Round "4.4"]
[White "Serban, Cristian-Stefan"]
[Black "Magold, Filip"]
[Result "1/2-1/2"]
[ECO "D12"]
[WhiteElo "2309"]
[BlackElo "2400"]
[Annotator "TA"]
[PlyCount "87"]
[EventDate "2024.02.24"]
[EventType "swiss"]
[EventCountry "ROU"]
[SourceTitle "playchess.com"]
[Source "ChessBase"]
[SourceQuality "1"]
[TimeControl "40/5400+30:900+30"]

1. d4 d5 2. c4 c6 3. Nf3 Nf6 4. e3 Bf5 5. Nc3 e6 6. Nh4 Be4 7. f3 Bg6 8. Qb3 Qc7 9. Nxg6 hxg6 10. Bd2 Be7 11. g3 Nbd7 12. cxd5 exd5 13. Rc1 (13. e4 $14) 13... g5 14. Kf2 Qb6 15. Qxb6 axb6 16. e4 dxe4 17. fxe4 Bb4 {[%emt 0:01:40] [#] Threatens to win with ...Bxc3.} 18. Bd3 O-O 19. Bb1 c5 20. a3 cxd4 21. axb4 dxc3 22. bxc3 ({Better is} 22. Rxc3 $14 g4 23. Rc7) 22... g4 $11 23. Bf4 {[%emt 0:04:41] Strongly threatening e5.} Rfe8 24. Rhd1 Ne5 25. Bxe5 Rxe5 26. Rd4 Rc8 27. Bd3 g6 28. Rd6 Rc6 29. Rxc6 bxc6 {[%emt 0:00:00][%mdl 4096] Endgame. KRB-KRN} 30. Re1 Kg7 31. Re2 Re8 32. Ra2 (32. Ke3 $11 {remains equal.}) 32... Nd7 (32... Nxe4+ $17 33. Bxe4 Rxe4) 33. Kg2 Ne5 34. Be2 Rd8 35. h3 gxh3+ 36. Kxh3 c5 37. bxc5 {[%emt 0:00:00] The position is equal.} bxc5 38. Kg2 Rb8 39. Ra5 Rb2 40. Kf1 Nd7 41. Bg4 Nf6 42. Bf3 Nd7 43. Bg4 Nf6 44. Bf3 {[%emt 0:00:00] Weighted Error Value: White=0.12 (very precise) /Black=0.11 (very precise) .  Mistake:       	White=3     	Black=1      Inaccurate:     	White=1     	Black=2      OK:         	White=16    	Black=11     Best:        	White=2     	Black=1} 1/2-1/2

[Event "Romanian Championship 2024"]
[Site "Eforie Nord"]
[Date "2024.02.26"]
[Round "4.5"]
[White "Cnejev, Vladimir-Alexandru"]
[Black "Stoleriu, George"]
[Result "1-0"]
[ECO "B12"]
[WhiteElo "2311"]
[BlackElo "2391"]
[Annotator "RC"]
[PlyCount "79"]
[EventDate "2024.02.24"]
[EventType "swiss"]
[EventCountry "ROU"]
[SourceTitle "playchess.com"]
[Source "ChessBase"]
[SourceQuality "1"]
[TimeControl "40/5400+30:900+30"]

1. e4 c6 2. d4 d5 3. e5 Bf5 4. h4 h5 5. Bd3 Bxd3 6. Qxd3 e6 7. Nf3 Ne7 8. Bg5 Nd7 9. c4 f6 10. exf6 gxf6 11. Bd2 Kf7 12. Nc3 dxc4 13. Qxc4 Nb6 14. Qb3 Nf5 15. Rd1 Nxd4 16. Nxd4 Qxd4 17. Be3 Qb4 18. Qc2 Nd5 19. Rh3 Bd6 20. Rd4 Qa5 21. Bd2 Qb6 22. Re4 Rag8 23. Kf1 Rg4 24. Rf3 Rhg8 25. Bg5 R8xg5 26. hxg5 Rxg5 27. Re1 Rg7 28. Qe4 Nc7 29. Qh4 Rg6 30. Qxh5 Qxb2 31. Ne4 Qe5 32. Rxf6+ Qxf6 33. Nxf6 Kxf6 34. Qh8+ Ke7 35. Qb8 b5 36. Rd1 Rg7 37. Qxa7 Rg4 38. Rc1 Kd7 39. Qb6 c5 40. Rd1 1-0

[Event "Romanian Championship 2024"]
[Site "Eforie Nord"]
[Date "2024.02.26"]
[Round "4.6"]
[White "Antal, Hunor-Zoltan"]
[Black "Manolache, Marius"]
[Result "1/2-1/2"]
[ECO "E90"]
[WhiteElo "2272"]
[BlackElo "2387"]
[Annotator "TA"]
[PlyCount "91"]
[EventDate "2024.02.24"]
[EventType "swiss"]
[EventCountry "ROU"]
[SourceTitle "playchess.com"]
[Source "ChessBase"]
[SourceQuality "1"]
[TimeControl "40/5400+30:900+30"]

1. Nf3 d6 2. c4 Nf6 3. Nc3 c6 4. d4 g6 5. e4 Bg7 6. h3 O-O 7. Bd3 a6 8. O-O b5 9. Re1 Nfd7 10. Bg5 {[%emt 0:02:14] White is slightly better.} Re8 11. e5 dxe5 12. dxe5 {[%emt 0:02:39] Black must now prevent e6.} Nc5 13. Bc2 {[%emt 0:05:38] Qxd8 would now be deadly.} Qxd1 14. Raxd1 ({Of course not} 14. Bxd1 Nd3 15. Re2 bxc4 $15) 14... Ne6 {[%emt 0:05:25] Black is weak on the dark squares} (14... Nbd7 $11 {keeps the balance.}) 15. Be3 $16 Nf8 16. Be4 {[%emt 0:11:10] Hoping for Nd5.} Bf5 17. cxb5 {[%emt 0:01:25] White is much more active.} ({Better is} 17. Bxf5 $1 $14 gxf5 18. Nd4) 17... Bxe4 $11 18. Nxe4 axb5 19. a3 Nbd7 20. Bd4 Ne6 21. Bc3 Nb6 22. Nd4 Nxd4 23. Bxd4 Nc4 24. Nd2 Nxd2 25. Rxd2 Red8 26. Red1 Bh6 27. Rd3 Rd5 28. Bc3 e6 29. Rxd5 cxd5 {[%emt 0:00:08][%mdl 4096] Endgame. KRB-KRB} 30. Rd4 Bf8 {[%emt 0:00:39] Against Rb4} 31. Bb4 Ra4 {[%emt 0:01:41] aiming for ...Bxb4.} 32. b3 Ra6 33. Bxf8 Kxf8 {[%emt 0:00:05] KR-KR} 34. Rb4 (34. a4 $1 $11) 34... Rxa3 $15 35. Rxb5 {[%emt 0:00:02] [#]} Ra1+ $1 36. Kh2 Re1 37. f4 {[%emt 0:00:39] [#]} Re4 (37... h6 $1 $17 38. g3 Re2+ 39. Kg1 g5) 38. Rb8+ $11 {[%emt 0:00:59] The position is equal.} Kg7 39. Kg3 g5 40. fxg5 Rxe5 41. h4 Re4 42. b4 d4 43. b5 {[%emt 0:02:08] b6 is the strong threat.} d3 44. Rd8 {[%emt 0:00:10] Prevents Rd4.} Rb4 45. Rxd3 Rxb5 46. Rd4 {[%emt 0:00:52] Weighted Error Value: White=0.09 (flawless) /Black=0.07 (flawless) .  Mistake:       	White=2     	Black=2      Inaccurate:     	White=1     	---        OK:         	White=16    	Black=18     Best:        	White=1     	Black=1      Strong:       	---       	Black=1} 1/2-1/2

[Event "Romanian Championship 2024"]
[Site "Eforie Nord"]
[Date "2024.02.26"]
[Round "4.7"]
[White "Radu, David Cr."]
[Black "Cosma, Ioan"]
[Result "0-1"]
[ECO "B65"]
[WhiteElo "2142"]
[BlackElo "2316"]
[Annotator "TA"]
[PlyCount "106"]
[EventDate "2024.02.24"]
[EventType "swiss"]
[EventCountry "ROU"]
[SourceTitle "playchess.com"]
[Source "ChessBase"]
[SourceQuality "1"]
[TimeControl "40/5400+30:900+30"]

1. e4 c5 2. Nf3 Nc6 3. d4 cxd4 4. Nxd4 Nf6 5. Nc3 d6 6. Bg5 e6 7. Qd2 Be7 8. O-O-O Nxd4 9. Qxd4 O-O 10. f4 Qa5 11. Kb1 {[%emt 0:07:06] is recently more successful than 11.Bc4.} h6 {[%emt 0:00:34] B65: Sicilian: Richter-Rauzer: 7...Be7 8 0-0-0 0-0 9 f4 Nxd4.} 12. Bh4 Rd8 13. h3 (13. Be1 $142 Qc7 14. Qe3) 13... Bd7 14. Bd3 Rac8 15. Be1 $146 ({Predecessor:} 15. Qf2 Rc6 16. g4 Rb6 17. Ne2 Rc8 18. b3 Bb5 19. Qe1 Qa3 20. Nc1 d5 21. Bxf6 Bxf6 {1-0 Fong,Y (2149)-Grahesh,Y (1919) Wch U20 53rd 2014 (2)}) 15... e5 (15... Qc7 $11) 16. Qf2 $16 (16. Nd5 Qxd5 17. Qxd5 Nxd5 18. exd5 exf4 $15) 16... Qc7 17. g4 exf4 18. Qxf4 a6 ({Black should try} 18... Qc5 $14) 19. Rf1 $16 Be6 {[%emt 0:00:41] [#]} (19... Rf8 $16) 20. Nd5 $1 $18 Bxd5 (20... Nxd5 $2 21. exd5 Qd7 22. dxe6 $18) (20... Qd7 $142 21. Bh4 Bxd5 (21... Nxd5 22. exd5 Bxh4 23. dxe6 $16) 22. exd5 Rc5) 21. exd5 $18 Bf8 22. Bh4 (22. g5 $18 {has better winning chances.} hxg5 23. Qxg5) 22... Re8 $16 23. Qf5 Re5 24. Qf3 Rce8 (24... Nxd5 25. Bg3 Nf6 26. Bf4 $16 (26. Bxe5 dxe5 27. h4 Qc6 $18)) 25. Bf2 (25. Bxf6 $16 gxf6 26. Qxf6) 25... Nxd5 $11 26. Bd4 (26. h4 $14) 26... Ne3 $1 $11 27. Bxe3 Rxe3 28. Qd5 R8e6 (28... Rxh3 29. Rxf7 Qc6 (29... Qxf7 $2 30. Bh7+ Kxh7 31. Qxf7 $18) 30. Bc4 (30. Rxb7+ Qxd5 31. a3 Rxd3 32. Rf1 Qxb7 33. g5 Rxa3 34. gxh6 gxh6 35. Rd1 Bg7 36. c3 Qe4+ 37. Kc1 Ra1+ 38. Kd2 Qe2#) 30... Qxd5 31. Bxd5 $18) 29. h4 Qe7 30. g5 (30. Bc4 $11) 30... R3e5 $15 31. Qh1 d5 32. Bf5 Rd6 (32... Rb6 {is interesting.} 33. Qg1 Qb4 34. b3 hxg5 35. Qxg5 Qc3) 33. gxh6 Rxh6 34. Rxd5 $2 {[%emt 0:00:27][%mdl 8192] [#]} ({Better is} 34. h5 $15) 34... g6 $2 (34... Rxh4 35. Rxe5 Rxh1 36. Rxh1 Qxe5 37. Bh7+ Kh8 38. Bg6+ Kg8 39. Bh7+ Kh8 40. Bg6+ Kg8 41. Bh7+ $11) (34... Rf6 $1 $19 35. Rxe5 Qxe5) 35. Rxe5 $11 Qxe5 36. Bd3 Bg7 (36... b5 $11) 37. Qxb7 $16 f5 38. c3 (38. Qxa6 $2 Qxb2#) 38... Rxh4 (38... a5 $16) 39. Qxa6 $18 Rh2 40. Bc2 ({Worse is} 40. Qxg6 Rxb2+ 41. Ka1 Rh2 $11) 40... Qg3 (40... Qe2 $16 {was necessary.} 41. Qxe2 (41. Qxg6 $2 {leads to mate.} Qxf1+) 41... Rxe2) 41. a4 $18 Kh7 42. Qd3 Qe5 43. Rf3 Bh6 44. Ka2 $4 (44. Qd7+ $18 Bg7 45. Qd3) 44... Rd2 45. Qc4 $2 (45. Qb5 Qxb5 46. axb5 Rxc2 47. b6) 45... Rxc2 $19 46. Rd3 Qh2 47. Rd7+ (47. Qf7+ {is a better defense.} Bg7 48. Qb3) 47... Bg7 $19 48. Qb3 Rd2 49. Rb7 $2 (49. Rxd2 Qxd2 50. a5) 49... Qe5 $19 50. Rb5 Qxc3 51. a5 Qxb3+ 52. Rxb3 Kh6 53. a6 Bxb2 0-1

[Event "Romanian Championship 2024"]
[Site "Eforie Nord"]
[Date "2024.02.26"]
[Round "4.8"]
[White "Ghimpu, Samuel-Timotei"]
[Black "Voiteanu, Gabriel"]
[Result "1-0"]
[ECO "A13"]
[WhiteElo "2467"]
[BlackElo "2151"]
[Annotator "TA"]
[PlyCount "71"]
[EventDate "2024.02.24"]
[EventType "swiss"]
[EventCountry "ROU"]
[SourceTitle "playchess.com"]
[Source "ChessBase"]
[SourceQuality "1"]
[TimeControl "40/5400+30:900+30"]

1. c4 e6 2. g3 d5 3. Bg2 dxc4 4. Qa4+ Nd7 5. Qxc4 a6 6. Nf3 b5 7. Qh4 {[%emt 0:00:01] [#] Hoping for Qxd8+.} Be7 8. Qe4 Rb8 9. Nd4 {[%emt 0:00:26] The position is equal.} Bb7 10. Nc6 Ngf6 11. Qc2 Bxc6 12. Qxc6 Rb6 13. Qc2 O-O 14. O-O Nd5 15. d3 c5 16. a4 N7f6 17. Bd2 {[%emt 0:03:23] White wants to play Ba5.} Qd7 18. Rc1 bxa4 19. Na3 Rb3 20. Nc4 Rfb8 21. Ra3 Nb4 (21... Ne8 $11) 22. Rxb3 $14 axb3 23. Qxb3 Nfd5 24. Qa3 Qb5 25. e4 Nb6 26. Be3 Nxc4 27. Rxc4 a5 28. Bf1 Na6 (28... Qb6 $11) 29. d4 $16 Qxb2 ({Don't blunder} 29... cxd4 $2 30. Qxe7 dxe3 31. Rc8+ Rxc8 32. Bxb5 $18) 30. Qxa5 Qb6 {[%emt 0:00:22] Loses the game.} (30... cxd4 $16 {is a better defense.} 31. Bxd4 Qb7) 31. Qxb6 $18 Rxb6 32. dxc5 Rc6 33. Ra4 {[%emt 0:00:09] White has a decisive advantage.} Nxc5 34. Ra8+ Bf8 35. Bb5 Rc7 {[%emt 0:00:07] [#]} 36. Bf4 $1 {[%emt 0:00:02] Weighted Error Value: White=0.05 (flawless) /Black=0.20 (precise) .  Mistake:       	---       	Black=3      Inaccurate:     	White=1     	---        OK:         	White=11    	Black=10     Best:        	White=4     	Black=1      Strong:       	White=1     	---} 1-0

[Event "Romanian Championship 2024"]
[Site "Eforie Nord"]
[Date "2024.02.26"]
[Round "4.9"]
[White "Ognean, Mihnea-Ionut"]
[Black "Coicev, Matei-Andrei"]
[Result "1-0"]
[ECO "B40"]
[WhiteElo "2382"]
[BlackElo "2122"]
[Annotator "TA"]
[PlyCount "65"]
[EventDate "2024.02.24"]
[EventType "swiss"]
[EventCountry "ROU"]
[SourceTitle "playchess.com"]
[Source "ChessBase"]
[SourceQuality "1"]
[TimeControl "40/5400+30:900+30"]

1. e4 c5 2. Nf3 e6 3. g3 Nc6 4. Bg2 Nf6 5. Qe2 e5 6. O-O Be7 7. c3 O-O 8. d3 {[%emt 0:00:08] The position is equal.} Re8 9. Na3 Bf8 10. Bg5 d6 11. Nc4 Be6 12. Ne3 h6 13. Bxf6 Qxf6 14. Nd2 Qd8 15. f4 exf4 16. gxf4 Be7 17. Kh1 {[%emt 0:04:25] White leaves nothing to chance now.} Bf6 18. Qh5 g6 19. Qf3 (19. Qxh6 Bg7 20. Qg5 Qxg5 21. fxg5 Rad8) 19... Bg7 20. f5 Bd7 21. Ndc4 Rf8 (21... Ne5 $16 22. Nxe5 Bxe5) 22. Nxd6 {[%emt 0:05:31] [#] f6 is the strong threat.} Ne5 23. Qg3 Qb8 (23... Bc6 $142) 24. Nec4 {[%emt 0:02:37][%cal Be3c4,Bc4e5,Be5g6,Bg6e7][%mdl 32] Excellent horsemanship.} b5 $2 (24... Rd8 25. Nxb7 Nxc4) 25. Nxe5 $18 {[%emt 0:01:55] White is clearly winning.} Qxd6 26. f6 Bh8 {[%emt 0:00:37] [#]} 27. Nxg6 $1 Qxg3 28. Ne7+ ({Stronger than} 28. hxg3 fxg6 29. e5 Rad8 $11) 28... Kh7 29. hxg3 Rad8 30. e5 {[%emt 0:00:29] Threatening mate with Be4+.} h5 31. Be4+ Kh6 32. Rad1 Be6 33. a3 {[%emt 0:00:11] Weighted Error Value: White=0.13 (very precise) /Black=0.49.  Mistake:       	---       	Black=3      Inaccurate:     	---       	Black=3      OK:         	White=11    	Black=7      Best:        	---       	Black=1} 1-0

[Event "Romanian Championship 2024"]
[Site "Eforie Nord"]
[Date "2024.02.26"]
[Round "4.10"]
[White "Botea, David-Alexandru"]
[Black "Ilinca, Felix-Antonio"]
[Result "1/2-1/2"]
[ECO "B66"]
[WhiteElo "2081"]
[BlackElo "2415"]
[Annotator "TA"]
[PlyCount "128"]
[EventDate "2024.02.24"]
[EventType "swiss"]
[EventCountry "ROU"]
[SourceTitle "playchess.com"]
[Source "ChessBase"]
[SourceQuality "1"]
[TimeControl "40/5400+30:900+30"]

1. e4 c5 2. Nf3 d6 3. d4 cxd4 4. Nxd4 Nf6 5. Nc3 Nc6 6. Bg5 e6 7. Qd2 a6 8. O-O-O Be7 9. f3 Nxd4 10. Qxd4 b5 11. h4 Bb7 12. Qd2 h6 13. Bxf6 Bxf6 14. Qxd6 Qxd6 15. Rxd6 Ke7 16. Rd1 Rac8 17. Ne2 g5 18. hxg5 hxg5 19. Rxh8 Rxh8 20. c3 Be5 21. Nd4 g4 22. Kc2 Rh2 23. Rd2 Bf4 24. Re2 Bg3 (24... Rh1 $5 25. Re1 $8 Bg3 $17) 25. Nb3 Rh1 26. Nd2 $1 Kf6 27. fxg4 Rh4 28. Re3 Rxg4 29. Be2 Rg8 30. Rd3 Bc6 31. Bf3 Ke5 32. Nf1 Bf4 33. Rd4 f5 34. Kd3 Bc1 (34... Bxe4+ {simplifies} 35. Bxe4 fxe4+ 36. Rxe4+ Kf5) 35. b3 Rf8 (35... fxe4+ $11 {remains equal.} 36. Bxe4 Bxe4+ 37. Rxe4+ Kf6) 36. exf5 $16 Bxf3 37. gxf3 Rxf5 38. Nh2 Rf4 $2 (38... Kf6 $16) 39. Ng4+ (39. Kc2 $142 Ba3 40. Rxf4 Kxf4 41. b4) 39... Kf5 $18 40. Rxf4+ Kxf4 41. Ke2 (41. Kc2 $1 $18 Ba3 42. b4 Kxf3 43. Ne5+ Ke4 44. Nd7) 41... Bb2 $16 42. c4 bxc4 43. bxc4 Ba3 44. Nf2 Ke5 45. Kd3 Bc5 46. Ne4 Ba7 $2 (46... Ba3 $16) 47. a4 $2 (47. Kc3 $1 $18 ) 47... a5 $16 {[%emt 0:03:47] [#]} 48. Nd2 $1 (48. c5 Kd5 $11) 48... Bb6 49. Nb3 Bc7 50. Nc5 Kd6 51. Ne4+ Ke5 $2 {[%emt 0:00:28][%mdl 8192] [#]} (51... Kd7 $16 {is a better chance.} 52. Ng5 Bb6) 52. Nc3 $2 (52. Kc3 $1 $18 Bd8 53. Nc5) 52... Bb6 53. Ne2 Bc5 $1 54. f4+ Kf5 55. Nd4+ Bxd4 $1 56. Kxd4 Kxf4 57. c5 (57. Kc5 $5) 57... e5+ 58. Kc3 (58. Kc4 $5 e4 $8 59. Kb5 $11) 58... Kf5 $1 59. Kd3 e4+ 60. Kd4 Kf4 61. c6 e3 62. Kd3 (62. c7 $5 e2 $8 63. c8=Q $11 (63. c8=B e1=Q 64. Kd5 Qe5+ 65. Kc6 Qc3+ 66. Kd7 Ke5 67. Ba6 Qc5 68. Bb5 Qd6+ 69. Kc8 Qb6 70. Kd7 Qb7+ 71. Ke8 Qg7 72. Kd8 Kd6)) 62... Kf3 63. c7 e2 64. c8=Q (64. c8=B e1=Q (64... e1=B 65. Bh3 $11) 65. Bb7+ Kf4 66. Ba8 Qe3+ 67. Kc4 Qd2 68. Bc6 Ke5 69. Bf3 Qc2+ 70. Kb5 Kd6 71. Kxa5 Qc5+ 72. Ka6 Kc7 73. a5 Qc4+ 74. Ka7 Qb5 75. Bh1 Qxa5#) (64. Kd2 $5 Kf2 $8 65. Kc2 $11) 64... e1=Q 1/2-1/2